 Dungeon Crawl Stone Soup version 0.19-a0-1361-g42bf4bf (webtiles) character file.

8463 Arkorax the Blocker (level 11, -5/93 HPs)
             Began as a Formicid Fighter on Sept 2, 2016.
             Was a Follower of Uskayaw.
             Shot with an arrow by a centaur warrior (11 damage)
             ... on level 13 of the Dungeon.
             The game lasted 00:10:22 (9784 turns).

Arkorax the Blocker (Formicid Fighter)              Turns: 9784, Time: 00:10:22

Health: -5/93      AC: 15    Str: 22 (23) XL:     11   Next: 56%
Magic:  20/20      EV: 10    Int:  6 (9)  God:    Uskayaw [*.....]
Gold:   537        SH: 21    Dex: 14 (15) Spells: 0 memorised, 10 levels left

rFire  + . .     SeeInvis +     K - +0 war axe (venom)
rCold  + . .     Gourm    .     Q - +0 plate armour
rNeg   . . .     Faith    .     s - +2 large shield
rPois  +         Spirit   .     (helmet unavailable)
rElec  +         Dismiss  .     A - +0 cloak
rCorr  +         Reflect  .     (no gloves)
MR     +....     Harm     .     y - +2 pair of boots
Stlth  ..........               F - amulet of magic regeneration
                                B - ring of loudness (curse)
                                E - ring of magical power

@: agile, resistant, very slightly contaminated, invisible
A: permanent stasis, dig shafts and tunnels, four strong arms, antennae 3
a: Dig, Shaft Self, Stomp, Renounce Religion


You were on level 13 of the Dungeon.
You worshipped Uskayaw.
Uskayaw was noncommittal.
You were hungry.

You visited 2 branches of the dungeon, and saw 12 of its levels.

You collected 537 gold pieces.

Inventory:

Hand Weapons
 C - a +4 quarterstaff of chaos
   (You took it off Crazy Yiuf on level 5 of the Dungeon)
 D - the +8 mace of Rimoan {venom, MP+9 Str+4}
   (You found it on level 5 of the Dungeon)

   It poisons the flesh of those it strikes.
   It affects your strength (+4).
   It affects your magic capacity (+9).
 K - a +0 war axe of venom (weapon)
   (You took it off an orc warrior on level 7 of the Dungeon)
Armour
 p - a +1 ring mail of cold resistance
   (You took it off Ijyb on level 3 of the Dungeon)
 s - a +2 large shield (worn)
 y - a +2 pair of boots (worn)
 A - a +0 cloak (worn)
 Q - a +0 plate armour (worn)
Jewellery
 a - a cursed ring of teleportation {unknown}
 B - a cursed ring of loudness (right hand)
 E - a ring of magical power (left hand)
 F - an amulet of magic regeneration (around neck)
 G - an uncursed ring of fire {unknown}
Wands
 b - a wand of acid (0/15)
 z - a wand of slowing (12/48)
 L - a wand of polymorph (2/24)
Scrolls
 c - 2 scrolls of immolation {unknown}
 e - 6 scrolls of identify {unknown}
 h - 3 scrolls of noise {unknown}
 i - 4 scrolls of teleportation {unknown}
 j - 8 scrolls of remove curse {unknown}
 o - a scroll of recharging {unknown}
 r - 3 scrolls of fog {unknown}
 u - a scroll of magic mapping {unknown}
 x - a scroll of random uselessness {unknown}
 R - a scroll of fear {unknown}
 T - 2 scrolls of amnesia {unknown}
Potions
 d - a potion of might {!q}
 l - 3 potions of cancellation {!q}
 m - a potion of invisibility {!q}
 q - 2 potions of agility {!q}
 I - 2 potions of curing
 J - a potion of lignification {unknown}
 O - a potion of magic {unknown}
 P - a potion of ambrosia {unknown}
 S - a potion of heal wounds {unknown}
 V - a potion of resistance {!q}
Books
 g - a book of Summonings
 n - a book of Ice
 H - a Necronomicon
Comestibles
 f - 4 bread rations {!e}
 k - 5 meat rations {!e}
 w - a royal jelly
 M - 7 slices of pizza
 N - 4 beef jerkies


   Skills:
 + Level 11.2 Fighting
 + Level 10.3 Axes
 - Level 3.2 Armour
 + Level 12.1 Shields


You had 10 spell levels left.
You didn't know any spells.

Dungeon Overview and Level Annotations

Branches:
Dungeon (10/15)            Temple (1/1) D:7            Lair (0/6) D:9
    Orc: D:9-12

Altars:
Ashenzari
Cheibriados
Dithmenos
Elyvilon
Fedhas
Gozag
Hepliaklqana
Kikubaaqudgha
Makhleb
Nemelex Xobeh
Okawaru
Qazlal
Ru
Sif Muna
Trog
Uskayaw
Vehumet
Xom
Yredelemnul
Zin
The Shining One

Shops:
D:5 (

Annotations:
D:4 Mulkerokala's ghost, novice TeVM
D:9 exclusion: oklob sapling


Innate Abilities, Weirdness & Mutations

You are under a permanent stasis effect.
You can dig through walls and to a lower floor.
Your four strong arms can wield two-handed weapons with a shield.
You have a pair of large antennae on your head. (SInv)


Message History

The eight-headed hydra bites you.
* * * LOW HITPOINT WARNING * * *
The eight-headed hydra bites you but does no damage.
You block the eight-headed hydra's attack.
A shaft appears beneath you!
You fall through a shaft for 3 floors!
The shaft crumbles and collapses.
A centaur warrior and a shadow come into view.
The centaur warrior shouts!
Found a lumpy copper amulet.
Unknown command.
Unknown command.
Damage: 3 (max 22) Unknown command.
The centaur warrior wields a longbow.
The centaur warrior shoots an arrow.
The arrow hits you.
* * * LOW HITPOINT WARNING * * *
You see here an arrow.
Damage: 6 (max 22) It was a potion of agility.
You feel agile all of a sudden.
The centaur warrior shoots an arrow.
You block the arrow.
You can no longer pass through a line of other dancers.
Unknown command.
The shadow slips into darkness.
The shadow flickers and vanishes for a moment.
The centaur warrior shoots an arrow.
The arrow barely misses you.
You see here an arrow.
It was a potion of invisibility.
You fade into invisibility!
The centaur warrior shoots an arrow.
The arrow hits the shadow!
You are very lightly contaminated with residual magic.
It was a potion of degeneration.
There was something very wrong with that liquid.
You feel weakened.
You feel dopey.
You feel clumsy.
The centaur warrior shoots an arrow.
The arrow hits the shadow!
The shadow is destroyed!
It was a potion of berserk rage.
You cannot go berserk while under stasis.
The centaur warrior shoots an arrow.
The arrow hits you!
* * * LOW HITPOINT WARNING * * *
A hell hound comes into view.
Damage: 12 (max 22)
Okay, then.
It was a potion of resistance.
You feel protected.
The hell hound barks!
The centaur warrior shoots an arrow.
You block the arrow.
The centaur warrior shoots an arrow.
The arrow hits you!
You die...

# .. # ####### ...
..#.....## ....
.........## .....
..........#####......
.........((((@....h..
......c...#####......
..........# .....
........."# ....
..........# ###
.........##
..#.....## #########


You could see a centaur warrior and a hell hound.

Vanquished Creatures
  Joseph (D:7)
  A two-headed ogre (D:9)
  Grinder (D:4)
  A blink frog (D:9)
  3 hogs (D:7)
  A human (D:7)
  10 yaks
  A hippogriff (D:8)
  A hungry ghost (D:8)
  Edmund (D:6)
  Menkaure (D:7)
  2 water moccasins (D:9)
  Duvessa (D:7)
  3 porcupines (D:9)
  A sky beast (D:6)
  2 orc warriors
  A phantom (D:8)
  5 ice beasts
  An eye of draining (D:6)
  A wasp (D:10)
  4 ogres
  A necrophage (D:7)
  3 centaurs
  A big kobold (D:9)
  4 giant frogs
  A wyvern zombie (D:8)
  Dowan (D:7)
  6 killer bees
  12 wights
  2 howler monkeys
  4 crimson imps
  2 giant frog zombies (D:9)
  4 hounds
  4 orc priests
  Crazy Yiuf (D:5)
  4 centaur skeletons
  5 orc wizards
  5 iguanas
  Ijyb (D:3)
  12 worker ants
  2 hell rats (D:9)
  A killer bee zombie (D:7)
  A hound zombie (D:7)
  A worker ant zombie (D:9)
  4 gnolls (D:8)
  A river rat (D:9)
  8 adders
  2 adder skeletons (D:4)
  A worm (D:6)
  2 dart slugs
  3 giant geckos
  24 orcs
  6 ball pythons
  5 giant cockroaches
  6 goblins
  8 hobgoblins
  23 jackals
  5 quokkas
  2 ball python skeletons
  4 bats (D:1)
  2 giant gecko skeletons
  A giant gecko zombie (D:5)
  6 giant newts
  A jackal zombie (D:6)
  12 kobolds
  8 rats
255 creatures vanquished.

Vanquished Creatures (others)
  A shadow (D:13)
  2 plants (D:9)
3 creatures vanquished.

Grand Total: 258 creatures vanquished

Notes
Turn   | Place    | Note
-------+----------+-------------------------------------------
     0 | D:1      | Arkorax the Formicid Fighter began the quest for the Orb.
     0 | D:1      | Reached XP level 1. HP: 18/18 MP: 1/1
   286 | D:1      | Reached XP level 2. HP: 23/24 MP: 2/2
   287 | D:1      | Reached skill level 4 in Shields
   579 | D:1      | Reached XP level 3. HP: 29/29 MP: 3/3
  1409 | D:2      | Found a deep blue altar of Sif Muna.
  1733 | D:3      | Noticed Ijyb
  1757 | D:3      | Killed Ijyb
  1757 | D:3      | Reached XP level 4. HP: 34/37 MP: 4/4
  1779 | D:3      | --awww yissss
  1910 | D:3      | Reached skill level 3 in Axes
  2036 | D:4      | Reached skill level 4 in Fighting
  2036 | D:4      | Reached skill level 5 in Shields
  2036 | D:4      | Reached XP level 5. HP: 33/42 MP: 5/5
  2149 | D:4      | Noticed Grinder
  2171 | D:4      | HP: 10/42 [Grinder (3)]
  2179 | D:4      | Killed Grinder
  2179 | D:4      | Reached skill level 5 in Fighting
  2179 | D:4      | Reached skill level 4 in Axes
  2179 | D:4      | Reached XP level 6. HP: 26/51 MP: 6/6
  2330 | D:4      | Found a bloodstained altar of Trog.
  2454 | D:4      | Reached skill level 6 in Shields
  2454 | D:4      | Reached XP level 7. HP: 54/56 MP: 7/7
  2470 | D:4      | Noticed Mulkerokala's ghost (novice TeVM)
  2480 | D:4      | You fall through a shaft for 2 floors!
  2862 | D:5      | Entered Level 5 of the Dungeon
  3164 | D:5      | Found a runed door.
  3321 | D:5      | Found Jestugg's Weapon Shoppe.
  3516 | D:5      | Reached skill level 5 in Axes
  3685 | D:5      | Reached skill level 6 in Fighting
  3685 | D:5      | Reached XP level 8. HP: 64/64 MP: 8/8
  3718 | D:5      | Found a sacrificial altar of Ru.
  3718 | D:5      | Found a glowing silver altar of Zin.
  3768 | D:5      | Noticed Crazy Yiuf
  3772 | D:5      | Killed Crazy Yiuf
  3787 | D:5      | Got a bone mace
  3788 | D:5      | Identified the +8 mace of Rimoan {venom, MP+9 Str+4} (You found it on level 5 of the Dungeon)
  3844 | D:6      | Found an opulent altar of Gozag.
  3866 | D:6      | Reached skill level 7 in Shields
  3888 | D:6      | Found an iron altar of Okawaru.
  4031 | D:6      | Noticed Edmund
  4042 | D:6      | Killed Edmund
  4100 | D:6      | Reached skill level 6 in Axes
  4137 | D:6      | Reached skill level 7 in Fighting
  4316 | D:6      | Noticed a centaur warrior
  4322 | D:6      | HP: 20/67 [centaur warrior (9)]
  4325 | D:6      | You fall through a shaft!
  4557 | D:7      | --d6 centaur warrior
  4557 | D:7      | --smh
  4759 | D:7      | Reached skill level 8 in Shields
  4790 | D:7      | Reached XP level 9. HP: 72/72 MP: 9/9
  4812 | D:7      | Found a staircase to the Ecumenical Temple.
  4842 | Temple   | Entered the Ecumenical Temple
  4966 | Temple   | Became a worshipper of Uskayaw the Reveler
  5006 | D:7      | Noticed Joseph
  5011 | D:7      | Reached * piety under Uskayaw
  5013 | D:7      | Reached ** piety under Uskayaw
  5019 | D:7      | Killed Joseph
  5019 | D:7      | Reached skill level 7 in Axes
  5019 | D:7      | Reached *** piety under Uskayaw
  5208 | D:7      | Reached skill level 8 in Fighting
  5223 | D:7      | Noticed Duvessa
  5224 | D:7      | Noticed Dowan
  5289 | D:7      | Killed Duvessa
  5289 | D:7      | Reached skill level 9 in Shields
  5296 | D:7      | Reached **** piety under Uskayaw
  5303 | D:7      | Killed Dowan
  5693 | D:7      | Noticed Menkaure
  5701 | D:7      | Killed Menkaure
  5913 | D:7      | Reached XP level 10. HP: 77/82 MP: 10/10
  5919 | D:7      | Reached skill level 9 in Fighting
  5919 | D:7      | Reached skill level 8 in Axes
  5925 | D:7      | Reached ***** piety under Uskayaw
  5928 | D:7      | Reached skill level 10 in Shields
  6141 | D:7      | HP: 24/83 [poisoned by a killer bee]
  6146 | D:7      | HP: 23/83 [poisoned by a killer bee]
  6153 | D:7      | HP: 23/83 [poisoned by a killer bee]
  6161 | D:7      | HP: 23/83 [poisoned by a killer bee]
  6866 | D:8      | Found a deep blue altar of Sif Muna.
  7022 | D:8      | Reached skill level 9 in Axes
  7130 | D:9      | Reached skill level 10 in Fighting
  7575 | D:9      | Reached skill level 11 in Shields
  7667 | D:9      | Reached XP level 11. HP: 69/92 MP: 11/11
  7763 | D:9      | HP: 25/92 [ogre/giant spiked club (25)]
  9193 | D:9      | Reached skill level 10 in Axes
  9230 | D:9      | Found a shattered altar of Ashenzari.
  9297 | D:9      | Reached skill level 11 in Fighting
  9377 | D:9      | Found a staircase to the Lair.
  9425 | D:9      | Reached skill level 12 in Shields
  9614 | D:10     | Entered Level 10 of the Dungeon
  9722 | D:10     | Noticed an eight-headed hydra
  9769 | D:10     | HP: 24/93 [eight-headed hydra (5)]
  9773 | D:10     | You fall through a shaft for 3 floors!
  9773 | D:13     | Noticed a centaur warrior
  9775 | D:13     | HP: 15/93 [centaur warrior/arrow (6)]
  9783 | D:13     | HP: 5/93 [centaur warrior/arrow (12)]
  9784 | D:13     | Shot with an arrow by a centaur warrior

Vault maps used:
D:1:      dpeg_arrival_circle_labyrinth_c, minmay_pentomino_p4
D:2:      lemuel_blue_sif_altar
D:3:      uniq_iyjb
D:4:      nicolae_overflow_crystal_walls, uniq_grinder
D:5:      gammafunk_temple_overflow_elements, first_bread, serial_shops, shop,
          uniq_crazy_yiuf_cottage
D:6:      okawaru_trees_1, grunt_gozag_statues, minmay_misc_feat_four_crosses,
          minmay_three_doors, uniq_edmund
D:7:      grunt_livestock, hangedman_decor_opposing, uniq_joseph, uniq_menkaure,
          uniq_duvessa
D:8:      old_standard_altar
D:9:      ashenzari_conservatory_becter, dpeg_lair_monsters, st_stairs_7,
          introduction_to_nature_2
D:10:     amethyst_killhole
D:13:     minmay_sliced_demisemicircle, grunt_vaults_entry_tiered, uniq_azrael
Temple:   jpeg_temple_clearing

Skill      XL: |  1  2  3  4  5  6  7  8  9 10 11 |
---------------+----------------------------------+-----
Shields        | 4 5 6 8 9 11 12 | 12.1
Axes           | 3 4 5 6 7 9 10 | 10.3
Fighting       | 4 5 6 7 8 10 11 | 11.2
Armour         | |  3.2

Action                   |  1- 3 |  4- 6 |  7- 9 | 10-12 || total
-------------------------+-------+-------+-------+-------++-------
Melee: War axe           |   145 |    58 |   183 |   389 ||   775
       Mace              |       |       |   131 |       ||   131
       Unarmed           |       |       |     9 |       ||     9
 Abil: Shaft Self        |       |       |     2 |     1 ||     3
       Dig               |       |       |     1 |       ||     1
Evoke: Wand              |       |       |       |     4 ||     4
  Use: Potion            |       |     3 |     3 |     5 ||    11
 Stab: Paralysed         |       |       |    10 |    25 ||    35
  Eat: Chunk             |     3 |     2 |     7 |     1 ||    13
       Bread ration      |       |       |     2 |       ||     2
       Meat ration       |       |       |       |     2 ||     2
Armor: Scale mail        |    58 |       |       |       ||    58
       Ring mail         |       |    10 |    64 |    21 ||    95
       Plate armour      |       |       |       |    98 ||    98
Dodge: Dodged            |    47 |     8 |    52 |    61 ||   168
Block: Shield            |    77 |       |       |       ||    77
       Large shield      |       |    33 |   284 |   402 ||   719

Table legend:
 A = Turns spent in this place as a percentage of turns spent in the entire game.
 B = Non-inter-level travel turns spent in this place as a percentage of non-inter-level travel turns spent in the entire game.
 C = Inter-level travel turns spent in this place as a percentage of turns spent in this place.
 D = Turns resting spent in this place as a percentage of non-inter-level travel turns spent in this place.
 E = Turns spent auto-exploring this place as a percentage of non-inter-level travel turns spent in this place.
 F = Non-inter-level travel turns spent in this place divided by the number of levels of this place that you've seen.
                   A       B       C       D       E      F
               +-------+-------+-------+-------+-------+----------------------
         Total | 100.0 | 100.0 |   1.1 |   2.0 |  13.0 | 293.2
       Dungeon |  99.4 |  99.5 |   1.0 |   2.0 |  12.7 | 318.2
        Temple |   0.6 |   0.5 |  10.0 |   0.0 |  88.9 |  18.0
               +-------+-------+-------+-------+-------+----------------------

Vault maps used:
D:1:      dpeg_arrival_circle_labyrinth_c, minmay_pentomino_p4
D:2:      lemuel_blue_sif_altar
D:3:      uniq_iyjb
D:4:      nicolae_overflow_crystal_walls, uniq_grinder
D:5:      gammafunk_temple_overflow_elements, first_bread, serial_shops, shop,
          uniq_crazy_yiuf_cottage
D:6:      okawaru_trees_1, grunt_gozag_statues, minmay_misc_feat_four_crosses,
          minmay_three_doors, uniq_edmund
D:7:      grunt_livestock, hangedman_decor_opposing, uniq_joseph, uniq_menkaure,
          uniq_duvessa
D:8:      old_standard_altar
D:9:      ashenzari_conservatory_becter, dpeg_lair_monsters, st_stairs_7,
          introduction_to_nature_2
D:10:     amethyst_killhole
D:13:     minmay_sliced_demisemicircle, grunt_vaults_entry_tiered, uniq_azrael
Temple:   jpeg_temple_clearing
